 Dungeon Crawl Stone Soup version 0.18-a0-1745-gffa9a88 (webtiles) character file.

76992 nono the Unseen (level 15, -10/75 HPs)
             Began as a Vine Stalker Enchanter on Apr 11, 2016.
             Was the Champion of Ashenzari.
             Mangled by Nikola
             ... wielding a +0 rapier of electrocution
              (12 damage)
             ... on level 1 of the Elven Halls on Apr 12, 2016.
             The game lasted 07:37:59 (24574 turns).

nono the Unseen (Vine Stalker Enchanter)           Turns: 24574, Time: 07:38:00

Health: -10/75     AC:  9    Str: 12      XL:     15   Next: 55%
Magic:  0/31       EV: 14    Int: 19      God:    Ashenzari [******]
Gold:   253        SH:  4    Dex: 18 (19) Spells: 8 memorised, 0 levels left

rFire  + + .     SeeInvis +     D - +1 dagger (speed) (curse)
rCold  + + .     Gourm    .     c - +2 robe {rC+ rF+}
rNeg   . . .     Faith    .     (no shield)
rPois  .         Spirit   +     (no helmet)
rElec  .         Dismiss  .     R - +1 cloak {+Inv}
rCorr  .         Reflect  +     g - +1 pair of gloves
SustAt .         Harm     .     M - +0 pair of boots
MR     +++..     Clarity  +     A - amulet "Ureeth" {Reflect rF+ MR+ Dex+3 SH+4 Stlth+} (curse)
Stlth  +++++++++.               S - ring of stealth (curse)
                                T - ring of magical power (curse)

@: hasted, very quick, extremely resistant to hostile enchantments, incredibly
stealthy
A: fangs 3, hooves 1, agile 1, blurry vision 2, cold resistance 1, deterioration
1, dopey 1, magic resistance 1, regeneration 3, magic shield, antimagic bite, no
device heal 3, rot immunity
a: Curse Item, Scrying, Transfer Knowledge, Renounce Religion, Evoke
Invisibility


You were on level 1 of the Elven Halls.
You worshipped Ashenzari.
Ashenzari was exalted by your worship.
You were not hungry.

You visited 6 branches of the dungeon, and saw 25 of its levels.

You collected 2674 gold pieces.
You spent 2391 gold pieces at shops.

Inventory:

Hand Weapons
 x - a +0 dagger of venom
 D - a cursed +1 dagger of speed (weapon)
 J - the +10 short sword "Zamogopp" {venom, *Noise rElec Str+4 SInv}
   (You bought it in a shop on level 2 of the Orcish Mines)

   It poisons the flesh of those it strikes.
   It affects your strength (+4).
   It insulates you from electricity.
   It lets you see invisible.
   It may make noises in combat.
Armour
 c - a +2 robe of resistance (worn)
 g - a +1 pair of gloves (worn)
 M - a +0 pair of boots (worn)
 R - a +1 cloak of invisibility (worn)
 X - the +3 robe of the Bells {rC+ Int+3}
   (You bought it in a shop on level 2 of the Orcish Mines)

   It affects your intelligence (+3).
   It protects you from cold.
Jewellery
 w - an uncursed amulet of regeneration
 y - an uncursed ring of positive energy
 A - the cursed amulet "Ureeth" (around neck) {Reflect rF+ MR+ Dex+3 SH+4 Stlth+}
   (You bought it in a shop on level 2 of the Orcish Mines)

   [amulet of reflection]

   It shields you and reflects attacks.
   It affects your dexterity (+3).
   It protects you from fire.
   It affects your resistance to hostile enchantments.
   It affects your SH (+4).
   It makes you more stealthy.
   It has a curse placed upon it.
 F - an uncursed ring of protection from fire
 K - an uncursed ring of protection from cold
 L - an uncursed ring of protection from fire
 S - a cursed ring of stealth (right hand)
 T - a cursed ring of magical power (left hand)
 U - an uncursed ring of ice
 Y - an uncursed amulet of rage
Wands
 o - a wand of heal wounds (7/9)
 H - a wand of digging (13/24)
 I - a wand of digging (12/24)
Scrolls
 e - 8 scrolls of identify
 h - 5 scrolls of fog
 i - 3 scrolls of magic mapping
 k - 5 scrolls of teleportation
 l - 4 scrolls of fear
 p - a scroll of remove curse
 r - 5 scrolls of enchant weapon
 B - 3 scrolls of amnesia
 C - 3 scrolls of enchant armour
 N - a scroll of blinking
 W - 3 scrolls of recharging
Potions
 a - a potion of resistance
 j - 3 potions of ambrosia
 m - 11 potions of heal wounds
 n - 13 potions of curing
 q - 2 potions of flight
 t - 3 potions of magic
 z - 5 potions of might
 O - a potion of cancellation
 Q - a potion of brilliance
 Z - 2 potions of agility
Books
 u - a book of Burglary

   Spells                             Type                      Level
   a - Swiftness                      Charms/Air                   2
   b - Passwall                       Transmutation/Earth          2
   c - Passage of Golubria            Translocation                4
   d - Lee's Rapid Deconstruction     Earth                        5
   e - Darkness                       Hexes                        6
   f - Invisibility                   Hexes                        6
 P - a book of Clouds

   Spells                             Type                      Level
   a - Mephitic Cloud                 Conjuration/Poison/Air       3
   b - Conjure Flame                  Conjuration/Fire             3
   c - Poisonous Cloud                Conjuration/Poison/Air       6
   d - Freezing Cloud                 Conjuration/Ice/Air          6
   e - Ring of Flames                 Charms/Fire                  7
Miscellaneous
 b - a plain deck of changes {drawn: 5}
 V - a plain deck of wonders {drawn: 6}
Comestibles
 d - 15 bread rations
 s - 2 royal jellies
 E - 6 beef jerkies
 G - 9 meat rations


   Skills:
 - Level 7.0 Fighting
 - Level 8.2(12.6) Short Blades
 - Level 4.1 Armour
 - Level 4.0 Dodging
 + Level 18.9 Stealth
 - Level 5.6 Unarmed Combat
 - Level 4.2 Spellcasting
 + Level 14.7(18.7) Hexes
 - Level 5.1(9.5) Charms
 - Level 3.5(7.5) Translocations
 - Level 4.1(8.3) Evocations


You couldn't memorise any spells.
You knew the following spells:

 Your Spells              Type           Power        Failure   Level  Hunger
a - Ensorcelled Hibernat  Hex/Ice        #####.       1%          2    #......
b - Corona                Hex            ######.      0%          1    None
c - Confuse               Hex            ######..     1%          3    ###....
d - Dazzling Spray        Conj/Hex       #####...     1%          3    ###....
e - Blink                 Tloc           N/A          1%          2    #......
f - Darkness              Hex            ######....   1%          6    #######
g - Regeneration          Chrm/Necr      ###.......   6%          3    ###....
h - Passwall              Trmt/Erth      #.........   17%         2    #......


Dungeon Overview and Level Annotations

Branches:
Dungeon (12/15)            Temple (1/1) D:6            Lair (8/8) D:9
 Shoals (1/4) Lair:6        Snake (0/4) Lair:3          Orc (2/2) D:12
    Elf (1/3) Orc:2
  Slime: Lair:6-8

Altars:
Ashenzari
Cheibriados
Dithmenos
Elyvilon
Gozag
Kikubaaqudgha
Makhleb
Nemelex Xobeh
Okawaru
Pakellas
Qazlal
Vehumet
Yredelemnul
Zin
The Shining One
Beogh

Shops:
D:7 (   Orc:1 :   Orc:2 =([(

Annotations:
D:8 Scytalen's ghost, novice TeBe
D:9 Erica
Lair:6 exclusion: 3 doors
Elf:1 Nikola


Innate Abilities, Weirdness & Mutations

You have razor-sharp teeth.
You regenerate.
When hurt, damage is shared between your health and your magic reserves.
Your bite disrupts and absorbs the magic of your enemies.
Potions and wands cannot restore your health.
You are immune to rotting.
You have large cloven feet.
You are agile. (Dex +2)
Scrolls take you longer to read.
Your flesh is cold resistant.
Your body sometimes deteriorates upon taking damage.
You are dopey. (Int -2)
You are resistant to hostile enchantments.


Message History

Nikola blinks!
Casting: Blink
Confirm with . or Enter, or press ? or * to list all spells.
You blink.
Something unseen opens the door.
Nikola hits you with a rapier of electrocution.
You are electrocuted!
* * * LOW HITPOINT WARNING * * *
Casting: Blink
Confirm with . or Enter, or press ? or * to list all spells.
You blink.
A deep elf archer comes into view. It is wielding a short sword.
The deep elf archer unwields an uncursed short sword.
The deep elf archer wields a shortbow.
The deep elf archer shoots an arrow.
The arrow hits you!!
* * * LOW HITPOINT WARNING * * *
Drink which item? (? for menu, Esc to quit)
You feel yourself speed up.
The deep elf archer shoots an arrow.
The arrow misses you.
Nikola hits you with a rapier of electrocution!
You die...

####### *****
* ##...@(## ,
, #....@<.#
** * , *
**#.......#
** *** , + ,
,
,.e'.......+
, + ,,+, * ,
**###.......#
* * ,* * ,,,
#.......# * *
** +
*#+....[+#* *
*,* * ###+###
* *,* , **, *
* * *,*


You could see Nikola and a deep elf archer.

Vanquished Creatures
  Rupert (D:12)
  An orc warlord (Orc:2)
  Josephine (Lair:4)
  Harold (D:12)
  4 hydras
  An ice dragon (Lair:8)
  A queen ant (Lair:6)
  9 death yaks
  An ogre mage (Orc:2)
  An orc high priest (Orc:2)
  Sonja (Lair:1)
  Nergalle (D:10)
  3 hill giants
  A lindwurm (Lair:8)
  5 orc knights
  A griffon (Lair:7)
  An oklob plant (Lair:1)
  3 ugly things
  6 orc sorcerers
  A manticore (D:11)
  4 cyclopes
  3 elephants (Lair:8)
  A siren (Shoals:1)
  7 black mambas
  11 spiny frogs
  The ghost of 4thArraOfDagon the Ruffian, a novice DrCK of Xom (D:10)
  7 torpor snails (Lair:8)
  A gargoyle (D:12)
  9 komodo dragons
  2 rime drakes
  A merfolk (D:11)
  A polar bear (Lair:7)
  Prince Ribbit (D:9)
  2 trolls
  5 two-headed ogres
  Grinder (D:6)
  5 giant leeches (Lair:8)
  2 boulder beetles
  5 slime creatures (D:12)
  19 blink frogs
  A wyvern (D:10)
  46 yaks
  3 basilisks
  2 vampire mosquitoes (D:12)
  3 wraiths (Lair:4)
  9 hippogriffs
  3 hungry ghosts
  Menkaure (D:6)
  Edmund (D:6)
  6 soldier ants (Lair:6)
  6 wargs
  4 nagas
  13 water moccasins
  38 orc warriors
  16 porcupines
  4 black bears
  An ice beast (D:8)
  4 wasps (Lair:8)
  A sky beast (D:10)
  7 centaurs
  16 ogres
  A phantom (D:12)
  27 wolves
  18 crocodiles
  2 big kobolds (D:10)
  12 giant frogs
  2 gnoll sergeants
  2 scorpions
  A wyvern skeleton (D:10)
  11 wights
  9 jellies
  5 crimson imps
  A quasit (D:7)
  3 giant frog zombies
  5 hounds
  14 orc priests
  3 giant frog skeletons
  Crazy Yiuf (D:7)
  9 iguanas
  25 orc wizards
  30 worker ants
  2 killer bee zombies (D:8)
  27 sheep
  A hound zombie (D:7)
  A hound skeleton (D:7)
  5 worker ant zombies
  14 gnolls
  A howler monkey skeleton (D:4)
  11 adders
  69 river rats
  11 oozes (Lair:1)
  An adder zombie (D:7)
  22 worms
  6 dart slugs
  7 giant geckos
  94 orcs
  A giant cockroach (D:1)
  12 goblins
  8 hobgoblins
  8 jackals
  8 kobolds
  5 quokkas
  4 ball pythons
  7 bats
  3 giant newts
  A jackal skeleton (D:5)
  A quokka skeleton (D:5)
  A quokka zombie (D:5)
  7 rats
  A fungus (Lair:1)
837 creatures vanquished.

Vanquished Creatures (collateral kills)
  A hydra (Lair:8)
  A death yak (Lair:8)
  A hippogriff (Lair:7)
  3 wolves (Lair:7)
  A crocodile (Lair:8)
  3 fungi
  A plant (Lair:4)
11 creatures vanquished.

Vanquished Creatures (others)
  2 centaurs (D:11)
  An orc priest (Orc:2)
  2 orc wizards (Orc:1)
  2 orcs (Orc:1)
  A bush (Lair:8)
  45 fungi
  34 plants
87 creatures vanquished.

Grand Total: 935 creatures vanquished

Notes
Turn   | Place    | Note
--------------------------------------------------------------
     0 | D:1      | nono the Vine Stalker Enchanter began the quest for the Orb.
     0 | D:1      | Reached XP level 1. HP: 9/9 MP: 4/4
    22 | D:1      | Reached skill level 1 in Short Blades
    49 | D:1      | Reached XP level 2. HP: 8/13 MP: 6/6
   292 | D:1      | Reached skill level 4 in Stealth
   428 | D:1      | Reached XP level 3. HP: 12/16 MP: 5/7
  1152 | D:2      | Reached XP level 4. HP: 19/21 MP: 7/9
  1316 | D:2      | Learned a level 2 spell: Ensorcelled Hibernation
  1698 | D:3      | Reached XP level 5. HP: 16/24 MP: 7/10
  1870 | D:3      | Reached skill level 5 in Stealth
  2430 | D:4      | Gained mutation: You heal very quickly. [Vine Stalker growth]
  2430 | D:4      | Reached XP level 6. HP: 21/28 MP: 11/11
  2695 | D:4      | Learned a level 3 spell: Confuse
  2932 | D:4      | Reached XP level 7. HP: 32/32 MP: 5/13
  3258 | D:5      | Entered Level 5 of the Dungeon
  3352 | D:5      | Found an ancient bone altar of Kikubaaqudgha.
  3578 | D:5      | Reached skill level 6 in Stealth
  3634 | D:5      | Reached skill level 5 in Hexes
  4056 | D:6      | Noticed Grinder
  4061 | D:6      | Killed Grinder
  4149 | D:6      | Noticed Menkaure
  4158 | D:6      | Killed Menkaure
  4158 | D:6      | Reached skill level 7 in Stealth
  4158 | D:6      | Gained mutation: You have razor-sharp teeth. [Vine Stalker growth]
  4158 | D:6      | Reached XP level 8. HP: 36/36 MP: 9/15
  4300 | D:6      | Noticed Edmund
  4310 | D:6      | Killed Edmund
  4310 | D:6      | Reached skill level 8 in Stealth
  4453 | D:6      | Found a staircase to the Ecumenical Temple.
  4511 | D:6      | Found a stormy altar of Qazlal.
  4515 | D:6      | Noticed an air elemental
  4518 | D:6      | Noticed a water elemental
  4664 | Temple   | Entered the Ecumenical Temple
  4672 | Temple   | Became a worshipper of Ashenzari the Shackled
  4918 | D:7      | Noticed a red ugly thing
  4925 | D:7      | Killed a red ugly thing
  4925 | D:7      | Reached skill level 9 in Stealth
  4925 | D:7      | Reached XP level 9. HP: 27/39 MP: 11/16
  4929 | D:7      | Reached skill level 5 in Short Blades
  4962 | D:7      | Found a basalt altar of Yredelemnul.
  4967 | D:7      | Learned a level 3 spell: Dazzling Spray
  4971 | D:7      | Found a glowing golden altar of the Shining One.
  4971 | D:7      | Found a shadowy altar of Dithmenos.
  5125 | D:7      | Reached skill level 10 in Stealth
  5246 | D:7      | Noticed Crazy Yiuf
  5252 | D:7      | Killed Crazy Yiuf
  5502 | D:7      | Found Pattu's Antique Weapon Boutique.
  5839 | D:8      | Noticed Scytalen's ghost (novice TeBe)
  5840 | D:8      | Reached skill level 1 in Evocations
  5963 | D:8      | Found a glowing silver altar of Zin.
  5978 | D:8      | Noticed a two-headed ogre
  6024 | D:8      | Killed a two-headed ogre
  6168 | D:8      | Reached * piety under Ashenzari
  6173 | D:8      | Reached XP level 10. HP: 44/44 MP: 13/17
  6816 | D:9      | Reached skill level 11 in Stealth
  6847 | D:9      | Found a staircase to the Lair.
  7008 | D:9      | Found a white marble altar of Elyvilon.
  7074 | D:9      | Noticed Prince Ribbit
  7080 | D:9      | Killed Prince Ribbit
  7142 | D:9      | Noticed Erica
  7191 | Lair:1   | Entered Level 1 of the Lair of Beasts
  7327 | Lair:1   | Reached ** piety under Ashenzari
  7383 | Lair:1   | Noticed Sonja
  7393 | Lair:1   | Killed Sonja
  7393 | Lair:1   | Reached skill level 12 in Stealth
  7578 | Lair:1   | Noticed an oklob plant
  7621 | Lair:1   | Reached skill level 10 in Hexes
  7763 | Lair:1   | Reached XP level 11. HP: 47/47 MP: 10/18
  8222 | Lair:1   | Killed an oklob plant
  8363 | Lair:2   | Reached skill level 13 in Stealth
  9135 | Lair:3   | Reached *** piety under Ashenzari
  9313 | Lair:3   | Found a staircase to the Snake Pit.
  9380 | Lair:3   | Reached skill level 1 in Armour
 10377 | Lair:4   | Gained mutation: You regenerate. [Vine Stalker growth]
 10377 | Lair:4   | Reached XP level 12. HP: 51/51 MP: 12/19
 10693 | Lair:4   | Noticed Josephine
 10834 | Lair:4   | Killed Josephine
 10834 | Lair:4   | Reached skill level 14 in Stealth
 11256 | Lair:5   | Reached **** piety under Ashenzari
 11424 | Lair:5   | Reached skill level 1 in Fighting
 12368 | Lair:6   | Noticed a queen ant
 12408 | Lair:6   | Found a staircase to the Shoals.
 12427 | Shoals:1 | Entered Level 1 of the Shoals
 12712 | Lair:6   | Reached skill level 5 in Fighting
 13012 | Lair:7   | Noticed a seven-headed hydra
 13020 | Lair:7   | Killed a seven-headed hydra
 13303 | Lair:7   | Reached ***** piety under Ashenzari
 13312 | Lair:7   | Noticed a death yak
 13439 | Lair:7   | Noticed a death yak
 13442 | Lair:7   | Noticed a death yak
 13444 | Lair:7   | Killed a death yak
 13444 | Lair:7   | Reached XP level 13. HP: 67/67 MP: 17/20
 13451 | Lair:7   | Reached skill level 15 in Stealth
 13711 | Lair:7   | Learned a level 2 spell: Blink
 13736 | Lair:7   | Reached skill level 1 in Translocations
 14094 | Lair:8   | Entered Level 8 of the Lair of Beasts
 14247 | Lair:8   | Learned a level 4 spell: Passage of Golubria
 14370 | Lair:8   | Learned a level 3 spell: Regeneration
 14380 | Lair:8   | Reached skill level 1 in Unarmed Combat
 14913 | Lair:8   | Reached skill level 5 in Unarmed Combat
 14926 | Lair:8   | Gained mutation: You are dopey. (Int -2) [mutagenic glow]
 15078 | Lair:8   | Reached skill level 1 in Charms
 15224 | Lair:8   | Reached skill level 5 in Charms
 15559 | Lair:8   | Reached XP level 14. HP: 56/72 MP: 9/21
 15900 | Lair:8   | Found a runed door.
 16238 | Lair:8   | Reached skill level 16 in Stealth
 16249 | Lair:8   | Gained mutation: You are agile. (Dex +2) [potion of mutation]
 16249 | Lair:8   | Gained mutation: Your body sometimes deteriorates upon taking damage. [potion of mutation]
 16249 | Lair:8   | Gained mutation: You possess an exceptional clarity of mind. [potion of mutation]
 16250 | Lair:8   | Lost mutation: You possess an exceptional clarity of mind. [potion of mutation]
 16250 | Lair:8   | Gained mutation: You are resistant to hostile enchantments. [potion of mutation]
 16250 | Lair:8   | Gained mutation: Scrolls take you a little longer to read. [potion of mutation]
 16251 | Lair:8   | Gained mutation: Scrolls take you longer to read. [potion of mutation]
 16251 | Lair:8   | Gained mutation: You have large cloven feet. [potion of mutation]
 16252 | Lair:8   | Gained mutation: Your flesh is cold resistant. [potion of mutation]
 18135 | D:9      | Found an opulent altar of Gozag.
 18341 | D:10     | Entered Level 10 of the Dungeon
 18415 | D:10     | Drew Focus: Int increased to 20, Str decreased to 12
 18621 | D:10     | Noticed 4thArraOfDagon's ghost (novice DrCK)
 18678 | D:10     | Killed 4thArraOfDagon's ghost
 19057 | D:10     | Noticed Nergalle
 19063 | D:10     | Killed Nergalle
 19697 | D:11     | Reached skill level 17 in Stealth
 20647 | D:12     | Found a staircase to the Orcish Mines.
 20860 | D:12     | Noticed Harold
 20958 | D:12     | Killed Harold
 21322 | D:12     | Noticed Rupert
 21404 | D:12     | Killed Rupert
 21404 | D:12     | Reached XP level 15. HP: 75/75 MP: 20/22
 21481 | D:12     | Reached skill level 18 in Stealth
 21752 | D:12     | Reached ****** piety under Ashenzari
 21993 | Orc:1    | Entered Level 1 of the Orcish Mines
 22364 | Orc:1    | Found Unuhayde's Book Shop.
 22446 | Orc:1    | Bought a book of Burglary for 1050 gold pieces
 22456 | Orc:1    | Learned a level 6 spell: Darkness
 22459 | Orc:1    | Learned a level 2 spell: Passwall
 22937 | Orc:2    | Entered Level 2 of the Orcish Mines
 22966 | Orc:2    | Found a roughly hewn altar of Beogh.
 22991 | Orc:2    | Found Kahoa's Jewellery Emporium.
 23139 | Orc:2    | Bought the amulet "Ureeth" {Reflect rF+ MR+ Dex+3 SH+4 Stlth+} for 966 gold pieces
 23226 | Orc:2    | Found a staircase to the Elven Halls.
 23230 | Orc:2    | Found a roughly hewn altar of Beogh.
 23620 | Orc:2    | Found a roughly hewn altar of Beogh.
 23769 | Orc:2    | Found a roughly hewn altar of Beogh.
 23780 | Orc:2    | Found Xiumn's Weapon Emporium.
 23845 | Orc:2    | Found a roughly hewn altar of Beogh.
 24051 | Orc:2    | Noticed an orc warlord
 24176 | Orc:2    | Killed an orc warlord
 24231 | Orc:2    | Found Ejasik's Antique Weapon Shop.
 24232 | Orc:2    | Found a roughly hewn altar of Beogh.
 24237 | Orc:2    | Found Kumer's Antique Armour Boutique.
 24253 | Orc:2    | Bought a warped short sword for 256 gold pieces
 24253 | Orc:2    | Identified the +10 short sword "Zamogopp" {venom, *Noise rElec Str+4 SInv} (You bought it in a shop on level 2 of the Orcish Mines)
 24259 | Orc:2    | Bought a steaming robe for 119 gold pieces
 24261 | Orc:2    | Identified the +3 robe of the Bells {rC+ Int+3} (You bought it in a shop on level 2 of the Orcish Mines)
 24566 | Elf:1    | Entered Level 1 of the Elven Halls
 24566 | Elf:1    | Noticed Nikola
 24573 | Elf:1    | HP: 1/75 [deep elf archer/arrow (21)]
 24574 | Elf:1    | Mangled by Nikola

Vault maps used:
D:1:      dpeg_arrival_round_a, minmay_misc_feat_plants
D:2:      first_bread
D:3:      minmay_quantized
D:4:      kennysheep_generic_room_8
D:5:      kiku_gazebo_pond_becter, minmay_fountain_box
D:6:      nicolae_qazlal_style_of_elements, temple_doors_e, uniq_menkaure,
          uniq_edmund, uniq_grinder
D:7:      gammafunk_temple_overflow_forgotten, serial_shops,
          kennysheep_little_box, grunt_ogre_cave, uniq_crazy_yiuf_cottage
D:8:      old_standard_altar
D:9:      elyvilon_altar_5, overflow_temple_1_default, david_lair_shrubbed,
          uniq_prince_ribbit1, uniq_erica
D:10:     uniq_nergalle
D:12:     david_orc_3, kennysheep_small_circle, uniq_harold, uniq_rupert
Temple:   circular_temple_12
Lair:1:   lemuel_slime, grunt_megastairs_1, uniq_sonja
Lair:2:   serial_bayou_pond_d
Lair:3:   minmay_snake_entry_guardpost_small
Lair:4:   st_stairs_5, cheibrodos_lair_caveside_slide, uniq_josephine
Lair:6:   shoals_dummy_entry, zaba_antful_of_joy
Lair:7:   grunt_megastairs_5
Lair:8:   hangedman_lair_in_review, wormcave, minmay_slime_entry_oklob_enclosed,
          kilobyte_rumbling_trees
Orc:1:    serial_shops, nicolae_shop_competitors_out_of_business, rock_pile
Orc:2:    grunt_orc_community_town_hall, grunt_orc_community_big_house_2,
          grunt_orc_community_big_house_2, grunt_orc_community_house_3,
          grunt_orc_community_house_3, grunt_orc_community_house_1,
          grunt_orc_community_house_1, nicolae_orc_rich_vein
Elf:1:    infiniplex_enter_wizlab_glasses, evilmike_minifort, uniq_nikola

Skill      XL: |  1  2  3  4  5  6  7  8  9 10 11 12 13 14 15 |
---------------+----------------------------------------------+-----
Short Blades   | 1 2 3 4 5 6 7 8 |  8.2
Stealth        | 4 5 7 9 10 12 13 14 15 17 18 | 18.9
Spellcasting   | 3 4 |  4.2
Hexes          | 4 5 7 8 10 11 13 14 | 14.7
Evocations     | 4 |  4.1
Armour         | 3 4 |  4.1
Dodging        | 3 4 |  4.0
Fighting       | 7 |  7.0
Translocations | 3 |  3.5
Unarmed Combat | 5 |  5.6
Charms         | 5 |  5.1

Action                   |  1- 3 |  4- 6 |  7- 9 | 10-12 | 13-15 || total
-------------------------+-------+-------+-------+-------+-------++-------
Melee: Dagger            |   147 |   164 |   356 |   570 |  1219 ||  2456
 Cast: Corona            |     1 |       |     4 |     5 |     8 ||    18
       Ensorcelled Hiber |       |    26 |    24 |    92 |   331 ||   473
       Confuse           |       |       |    25 |    86 |   111 ||   222
       Passage of Golubr |       |       |       |       |     2 ||     2
       Blink             |       |       |       |       |    10 ||    10
       Regeneration      |       |       |       |       |     1 ||     1
       Dazzling Spray    |       |       |       |       |     1 ||     1
Invok: Curse Item        |       |       |     4 |       |     3 ||     7
       Scrying           |       |       |       |     1 |     2 ||     3
 Abil: Evoke Invisibilit |       |       |     3 |     9 |    21 ||    33
Evoke: Deck              |       |       |       |    13 |    16 ||    29
       Wand              |       |       |       |       |     4 ||     4
  Use: Scroll            |       |     3 |       |    21 |     6 ||    30
       Potion            |       |       |       |     4 |    12 ||    16
 Stab: Sleeping          |     4 |    23 |    30 |   120 |   258 ||   435
       Confused          |       |       |    15 |    46 |    60 ||   121
       Invisible         |       |       |     4 |     5 |    47 ||    56
       Distracted        |       |       |     1 |     1 |     3 ||     5
  Eat: Chunk             |     1 |     7 |    12 |    32 |    59 ||   111
       Pizza             |       |       |     1 |     1 |     4 ||     6
       Beef jerky        |       |       |       |     3 |       ||     3
       Bread ration      |       |       |       |       |     1 ||     1
